SNL (28 & UNDER)
SANTA FE DIABLOS @ BLACKIRON DRAGONS
07/31/2026
 
TOP OF THE 1ST
Santa Fe Diablos batting - Pitching for BlackIron Dragons : RHP Bret McJannett
Pitching: RHP Bret McJannett
Batting: LHB Roberto Lozano 0-0: Ball
1-0: Foul Ball, location: 2F
1-1: Foul Ball, location: 2F
1-2: Ball
2-2: Ball
3-2: Foul Ball, location: 2F
3-2: Base on Balls
Batting: LHB Don Soper 0-0: Called Strike
0-1: Fly out, F9 (Flyball, 9D)
Batting: LHB Gary Kern 0-0: Called Strike
0-1: Ball
1-1: Ball
2-1: Ball
Roberto Lozano steals 2nd base
3-1: Base on Balls
Batting: RHB Claudio Souza 0-0: Ball
1-0: Ball
Roberto Lozano steals 3rd base
Gary Kern to second
2-0: Called Strike
2-1: Ball
3-1: Called Strike
3-2: Ground out 6-3 (Groundball, 6)
Roberto Lozano scores
Batting: LHB Luis Torres 0-0: Called Strike
0-1: Foul Ball, location: 2F
0-2: Strikes out looking
Top of the 1st over - 1 run(s), 0 hit(s), 0 error(s), 1 left on base; Santa Fe 1 - BlackIron 0
BOTTOM OF THE 1ST
BlackIron Dragons batting - Pitching for Santa Fe Diablos : RHP Larry Jenkins
Pitching: RHP Larry Jenkins
Batting: RHB José Colón 0-0: Ball
1-0: Called Strike
1-1: Ball
2-1: Called Strike
2-2: Ball
3-2: Foul Ball, location: 2F
3-2: Ground out 5-3 (Groundball, 5S)
Batting: RHB Boyd Pittman 0-0: Called Strike
0-1: Swinging Strike
0-2: Ball
1-2: Ball
2-2: Ball
3-2: Base on Balls
Batting: RHB Gil Palmer 0-0: Ground out 5-3 (Groundball, 5S)
Boyd Pittman to second
Batting: LHB Culley Vaughan 0-0: Called Strike
0-1: Called Strike
0-2: Ball
1-2: Ball
2-2: Strikes out looking
Bottom of the 1st over - 0 run(s), 0 hit(s), 0 error(s), 1 left on base; Santa Fe 1 - BlackIron 0
TOP OF THE 2ND
Santa Fe Diablos batting - Pitching for BlackIron Dragons : RHP Bret McJannett
Batting: RHB Lee Price 0-0: Ball
1-0: Ball
2-0: Foul Ball, location: 2F
2-1: Foul Ball, location: 2F
2-2: Strikes out swinging
Batting: LHB David Hernández 0-0: Called Strike
0-1: Foul Ball, location: 2F
0-2: Strikes out swinging
Batting: RHB Mike Martin 0-0: Foul Ball, location: 2F
0-1: Ball
1-1: Ball
2-1: Swinging Strike
2-2: Ball
3-2: SINGLE (Line Drive, 9LS)
Batting: LHB Javier Martínez 0-0: Called Strike
0-1: Called Strike
0-2: SINGLE (Line Drive, 34D)
Mike Martin to second
Mike Martin to third
Batting: LHB Roberto Lozano 0-0: Ball
1-0: Fly out, F7 (Flyball, 7M)
Top of the 2nd over - 0 run(s), 2 hit(s), 0 error(s), 2 left on base; Santa Fe 1 - BlackIron 0
BOTTOM OF THE 2ND
BlackIron Dragons batting - Pitching for Santa Fe Diablos : RHP Larry Jenkins
Batting: RHB Preston MacLyan 0-0: Foul Ball, location: 2F
0-1: Called Strike
0-2: Ball
1-2: Strikes out swinging
Batting: RHB Frank Maxwell 0-0: Ball
1-0: Foul Ball, location: 2F
1-1: Swinging Strike
1-2: Fly out, F9 (Line Drive, 9D)
Batting: RHB Mark Arnold 0-0: Fly out, F8 (Flyball, 8RS)
Bottom of the 2nd over - 0 run(s), 0 hit(s), 0 error(s), 0 left on base; Santa Fe 1 - BlackIron 0
TOP OF THE 3RD
Santa Fe Diablos batting - Pitching for BlackIron Dragons : RHP Bret McJannett
Batting: LHB Don Soper 0-0: Ball
1-0: Ball
2-0: Ball
3-0: Called Strike
3-1: Foul Ball, location: 2F
3-2: Strikes out swinging
Batting: LHB Gary Kern 0-0: Ball
1-0: Fly out, F9 (Flyball, 9M)
Batting: RHB Claudio Souza 0-0: Ball
1-0: Ball
2-0: Foul Ball, location: 2F
2-1: Called Strike
2-2: Foul Ball, location: 2F
2-2: Foul Ball, location: 2F
2-2: Strikes out swinging
Top of the 3rd over - 0 run(s), 0 hit(s), 0 error(s), 0 left on base; Santa Fe 1 - BlackIron 0
BOTTOM OF THE 3RD
BlackIron Dragons batting - Pitching for Santa Fe Diablos : RHP Larry Jenkins
Batting: RHB Doug O'Brien 0-0: Ball
1-0: Called Strike
1-1: Ball
2-1: Ground out 6-3 (Groundball, 6S)
Batting: RHB Eugene Payne 0-0: Ball
1-0: Called Strike
1-1: Ball
2-1: Ball
3-1: Base on Balls
Batting: RHB José Colón 0-0: Reached on error, E1 (Groundball, 15S)
Eugene Payne to second
Batting: RHB Boyd Pittman 0-0: Ball
Eugene Payne is caught stealing 3rd base
José Colón to second
1-0: Ground out 4-3 (Groundball, 4)
Bottom of the 3rd over - 0 run(s), 0 hit(s), 1 error(s), 1 left on base; Santa Fe 1 - BlackIron 0
TOP OF THE 4TH
Santa Fe Diablos batting - Pitching for BlackIron Dragons : RHP Bret McJannett
Batting: LHB Luis Torres 0-0: Reached on error, E3 (Groundball, 3S)
Batting: RHB Lee Price 0-0: Foul Ball, location: 2F
0-1: Fly out, F9 (Flyball, 89M)
Batting: LHB David Hernández 0-0: Ball
1-0: Swinging Strike
1-1: Foul Ball, location: 2F
1-2: Ball
2-2: Fly out, F2 (Popup, 2LF)
Batting: RHB Mike Martin 0-0: Foul Ball, location: 2F
0-1: Foul Ball, location: 2F
0-2: Foul Ball, location: 2F
0-2: Strikes out swinging
Top of the 4th over - 0 run(s), 0 hit(s), 1 error(s), 1 left on base; Santa Fe 1 - BlackIron 0
BOTTOM OF THE 4TH
BlackIron Dragons batting - Pitching for Santa Fe Diablos : RHP Larry Jenkins
Batting: RHB Gil Palmer 0-0: Foul Ball, location: 2F
0-1: SINGLE (Groundball, 56D)
Batting: LHB Culley Vaughan 0-0: Ball
1-0: Ball
2-0: Ball
3-0: Called Strike
3-1: Fly out, F8 (Flyball, 8RD)
Batting: RHB Preston MacLyan 0-0: Called Strike
0-1: Ball
1-1: Called Strike
Throwing error on steal attempt, E2
Gil Palmer to third
1-2: Foul Ball, location: 2F
1-2: Ground out 4-3 (Groundball, 4M)
Gil Palmer scores
Batting: RHB Frank Maxwell 0-0: Called Strike
0-1: Ball
1-1: SINGLE (Groundball, 6MD)
Batting: RHB Mark Arnold 0-0: Foul Ball, location: 2F
0-1: Called Strike
0-2: Fielders Choice at 2nd, 5-4 (Groundball, 56)
Bottom of the 4th over - 1 run(s), 2 hit(s), 1 error(s), 0 left on base; Santa Fe 1 - BlackIron 1
TOP OF THE 5TH
Santa Fe Diablos batting - Pitching for BlackIron Dragons : RHP Bret McJannett
Batting: LHB Javier Martínez 0-0: Foul Ball, location: 2F
0-1: Ball
1-1: Swinging Strike
1-2: Strikes out looking
Batting: LHB Roberto Lozano 0-0: Called Strike
0-1: Ball
1-1: Ground out 1-3 (Groundball, 15)
Batting: LHB Don Soper 0-0: SINGLE (Line Drive, 34)
Pitching: LHP Ben Newman
Batting: LHB Gary Kern 0-0: Ball
1-0: Ball
2-0: Foul Ball, location: 2F
2-1: SINGLE (Line Drive, 78M)
Don Soper to second
Batting: RHB Claudio Souza 0-0: Foul Ball, location: 2F
0-1: Hit by Pitch
Don Soper to third
Gary Kern to second
Batting: LHB Luis Torres 0-0: Called Strike
0-1: Ball
1-1: Ball
2-1: Called Strike
2-2: Ball
3-2: Foul Ball, location: 2F
3-2: Foul Ball, location: 2F
3-2: Fly out, F4 (Popup, 9S)
Top of the 5th over - 0 run(s), 2 hit(s), 0 error(s), 3 left on base; Santa Fe 1 - BlackIron 1
BOTTOM OF THE 5TH
BlackIron Dragons batting - Pitching for Santa Fe Diablos : RHP Larry Jenkins
Batting: RHB Doug O'Brien 0-0: Ball
1-0: Fly out, F8 (Flyball, 78XD)
Batting: RHB Eugene Payne 0-0: Called Strike
0-1: Swinging Strike
0-2: DOUBLE (Groundball, 5L)
Batting: RHB José Colón 0-0: Called Strike
0-1: Ball
1-1: Foul Ball, location: 2F
1-2: Ground out 5-3 (Groundball, 56S)
Eugene Payne to third
Batting: RHB Boyd Pittman 0-0: Called Strike
0-1: Fly out, F9 (Flyball, 89M)
Bottom of the 5th over - 0 run(s), 1 hit(s), 0 error(s), 1 left on base; Santa Fe 1 - BlackIron 1
TOP OF THE 6TH
Santa Fe Diablos batting - Pitching for BlackIron Dragons : LHP Ben Newman
Batting: RHB Lee Price 0-0: SOLO HOME RUN (Flyball, 7LD), Distance : 383 ft
Batting: LHB David Hernández 0-0: Called Strike
0-1: Ball
1-1: Ball
2-1: Ball
3-1: Base on Balls
Batting: RHB Mike Martin 0-0: Called Strike
0-1: Ball
1-1: Called Strike
1-2: Foul Ball, location: 2F
1-2: Foul Ball, location: 2F
1-2: SINGLE (Groundball, 5L)
David Hernández to second
Batting: LHB Javier Martínez 0-0: Ball
1-0: Called Strike
1-1: Ball
David Hernández steals 3rd base
Mike Martin to second
2-1: Ball
3-1: Ground out 3-5 (Groundball, 3S)
Batting: LHB Roberto Lozano 0-0: Ball
1-0: Foul Ball, location: 2F
1-1: Foul Ball, location: 2F
1-2: Ball
2-2: Ball
3-2: Strikes out swinging
Batting: LHB Don Soper 0-0: Ball
1-0: Ball
2-0: Ball
3-0: Called Strike
3-1: Foul Ball, location: 2F
3-2: Base on Balls
Batting: LHB Gary Kern 0-0: Swinging Strike
0-1: Foul Ball, location: 2F
0-2: Fielders Choice at 2nd, 6-4 (Groundball, 6)
Top of the 6th over - 1 run(s), 2 hit(s), 0 error(s), 2 left on base; Santa Fe 2 - BlackIron 1
BOTTOM OF THE 6TH
BlackIron Dragons batting - Pitching for Santa Fe Diablos : RHP Larry Jenkins
Batting: RHB Gil Palmer 0-0: Foul Ball, location: 2F
0-1: Ground out 5-3 (Groundball, 5L)
Batting: LHB Culley Vaughan 0-0: Foul Ball, location: 2F
0-1: Swinging Strike
0-2: Ball
1-2: Ball
2-2: Ball
3-2: Strikes out looking
Batting: RHB Preston MacLyan 0-0: Ball
1-0: Ground out 5-3 (Groundball, 56)
Bottom of the 6th over - 0 run(s), 0 hit(s), 0 error(s), 0 left on base; Santa Fe 2 - BlackIron 1
TOP OF THE 7TH
Santa Fe Diablos batting - Pitching for BlackIron Dragons : LHP Ben Newman
Batting: RHB Claudio Souza 0-0: Ball
1-0: Ball
2-0: Called Strike
2-1: Ball
3-1: Base on Balls
Pinch Hitting: RHB Henning Huisman 0-0: Foul Ball, location: 2F
0-1: Ball
1-1: Swinging Strike
1-2: Strikes out swinging
Batting: RHB Lee Price 0-0: Ball
Claudio Souza steals 2nd base
1-0: Intentional Walk
Pinch Hitting: RHB José Alvarado 0-0: Ball
1-0: TRIPLE (Flyball, 78XD)
Claudio Souza scores
Lee Price scores
Batting: RHB Mike Martin 0-0: Intentional Walk
Batting: LHB Javier Martínez 0-0: Grounds into double play, 4-6-3 (Groundball, 34)
Top of the 7th over - 2 run(s), 1 hit(s), 0 error(s), 1 left on base; Santa Fe 4 - BlackIron 1
BOTTOM OF THE 7TH
BlackIron Dragons batting - Pitching for Santa Fe Diablos : RHP Larry Jenkins
Now at 2B: José Alvarado
Now in LF: Henning Huisman
Batting: RHB Frank Maxwell 0-0: Called Strike
0-1: Ball
1-1: Ball
2-1: Ground out 5-3 (Groundball, 5)
Batting: RHB Mark Arnold 0-0: Called Strike
0-1: SINGLE (Line Drive, 7LS)
Batting: RHB Doug O'Brien 0-0: Called Strike
0-1: Ball
1-1: Ball
2-1: Called Strike
2-2: Foul Ball, location: 2F
2-2: Strikes out swinging
Batting: RHB Eugene Payne 0-0: Foul Ball, location: 2F
0-1: Foul Ball, location: 2F
0-2: Ball
1-2: Ball
2-2: Foul Ball, location: 2F
2-2: Ball
3-2: Foul Ball, location: 2F
3-2: Base on Balls
Mark Arnold to second
Pitching: LHP Daniel Draper
Batting: RHB José Colón 0-0: Fly out, F9 (Flyball, 9S)
Bottom of the 7th over - 0 run(s), 1 hit(s), 0 error(s), 2 left on base; Santa Fe 4 - BlackIron 1
TOP OF THE 8TH
Santa Fe Diablos batting - Pitching for BlackIron Dragons : LHP Ben Newman
Pitching: LHP Nick Walters
Batting: LHB Roberto Lozano 0-0: Ball
1-0: SINGLE (Groundball, 6MD)
Batting: LHB Don Soper 0-0: Foul Ball, location: 2F
0-1: Swinging Strike
0-2: Ball
1-2: Ground out 6-3 (Groundball, 6MS)
Roberto Lozano to second
Batting: LHB Gary Kern 0-0: Ball
1-0: Foul Ball, location: 2F
1-1: Swinging Strike
1-2: Fly out, F9 (Flyball, 9LMF)
Batting: RHB Claudio Souza 0-0: Called Strike
0-1: Ball
1-1: Ball
2-1: Ball
3-1: SINGLE (Line Drive, 8LS)
Roberto Lozano to third
Batting: RHB Henning Huisman 0-0: Called Strike
0-1: Swinging Strike
0-2: Strikes out swinging
Top of the 8th over - 0 run(s), 2 hit(s), 0 error(s), 2 left on base; Santa Fe 4 - BlackIron 1
BOTTOM OF THE 8TH
BlackIron Dragons batting - Pitching for Santa Fe Diablos : LHP Daniel Draper
Batting: RHB Boyd Pittman 0-0: Called Strike
0-1: Swinging Strike
0-2: Strikes out looking
Batting: RHB Gil Palmer 0-0: Ball
1-0: Ball
2-0: Ball
3-0: Base on Balls
Batting: LHB Culley Vaughan 0-0: Fly out, F7 (Flyball, 78M)
Batting: RHB Preston MacLyan 0-0: Swinging Strike
0-1: Ball
1-1: Ball
2-1: Called Strike
2-2: Strikes out looking
Bottom of the 8th over - 0 run(s), 0 hit(s), 0 error(s), 1 left on base; Santa Fe 4 - BlackIron 1
TOP OF THE 9TH
Santa Fe Diablos batting - Pitching for BlackIron Dragons : LHP Nick Walters
Batting: RHB Lee Price 0-0: Ball
1-0: Ball
2-0: Called Strike
2-1: Foul Ball, location: 2F
2-2: DOUBLE (Line Drive, 7LD)
Batting: RHB José Alvarado 0-0: Intentional Walk
Batting: RHB Mike Martin 0-0: Foul Ball, location: 2F
0-1: Ball
1-1: Ball
2-1: Foul Ball, location: 2F
2-2: Foul Ball, location: 2F
2-2: Foul Ball, location: 2F
2-2: Ball
3-2: Grounds into double play, U6-3 (Groundball, 6)
Lee Price to third
Batting: LHB Javier Martínez 0-0: Ball
1-0: Ground out 2-3 (Groundball, 2R)
Top of the 9th over - 0 run(s), 1 hit(s), 0 error(s), 1 left on base; Santa Fe 4 - BlackIron 1
BOTTOM OF THE 9TH
BlackIron Dragons batting - Pitching for Santa Fe Diablos : LHP Daniel Draper
Pitching: LHP Albert Alonzo
Batting: RHB Frank Maxwell 0-0: Called Strike
0-1: Ball
1-1: Foul Ball, location: 2F
1-2: Foul Ball, location: 2F
1-2: Ground out 1-3 (Groundball, 23)
Batting: RHB Mark Arnold 0-0: Ball
1-0: Ball
2-0: Swinging Strike
2-1: Ball
3-1: Swinging Strike
3-2: Base on Balls
Batting: RHB Doug O'Brien 0-0: Ball
1-0: Foul Ball, location: 2F
1-1: Ball
2-1: Foul Ball, location: 2F
2-2: Ball
3-2: Strikes out swinging
Batting: RHB Eugene Payne 0-0: Ball
1-0: Ball
2-0: Called Strike
2-1: Foul Ball, location: 2F
2-2: Ground out 1-3 (Groundball, 23)
Bottom of the 9th over - 0 run(s), 0 hit(s), 0 error(s), 1 left on base; Santa Fe 4 - BlackIron 1
Monday, December 5th, 2016 - OOTP Baseball 17.12 Build 75